 Dungeon Crawl Stone Soup version 0.21-a0-625-g1119ec1 (webtiles) character file.

125 kibaces the Firebug (level 4, -9/24 HPs)
             Began as a Deep Elf Fire Elementalist on Dec 24, 2017.
             Splashed by Ijyb's acid (12 damage)
             ... on level 3 of the Dungeon.
             The game lasted 00:06:56 (2208 turns).

kibaces the Firebug (Deep Elf Fire Elementalist)    Turns: 2208, Time: 00:07:02

Health: -9/24      AC:  2    Str:  5    XL:     4   Next: 82%
Magic:  3/12       EV: 14    Int: 21    God:
Gold:   107        SH:  0    Dex: 15    Spells: 5/11 levels left

rFire    . . .     SeeInvis .   o - +2 dagger (venom)
rCold    . . .     Gourm    .   (no shield)
rNeg     . . .     Faith    .   a - +0 robe
rPois    .         Spirit   .   (no helmet)
rElec    .         Reflect  .   (no cloak)
rCorr    .         Harm     .   (no gloves)
MR       .....                  (no boots)
Stlth    ++........             (no amulet)
HPRegen  0.08/turn              (no ring)
MPRegen  0.13/turn              (no ring)

@: no status effects
A: no striking features
a: no special abilities


You were on level 3 of the Dungeon.
You were not hungry.

You visited 1 branch of the dungeon, and saw 3 of its levels.

You collected 107 gold pieces.

Inventory:

Hand Weapons
 o - a +2 dagger of venom (weapon)
Armour
 a - a +0 robe (worn)
Jewellery
 g - a cursed amulet of inaccuracy {unknown}
 h - an uncursed ring of protection from cold {unknown}
Scrolls
 d - a scroll of enchant weapon {unknown}
 e - a scroll of enchant armour {unknown}
 f - a scroll of fog {unknown}
 j - 2 scrolls of identify {unknown}
 m - a scroll of remove curse {unknown}
 n - a scroll of immolation {unknown}
Potions
 i - a potion of might {unknown}
 k - a potion of heal wounds {unknown}
 l - a potion of mutation {unknown}
Books
 b - a book of Flames

   Spells                             Type                      Level
   a - Flame Tongue                   Conjuration/Fire             1
   b - Throw Flame                    Conjuration/Fire             2
   c - Conjure Flame                  Conjuration/Fire             3
   d - Inner Flame                    Hexes/Fire                   3
   e - Sticky Flame                   Conjuration/Fire             4
   f - Fireball                       Conjuration/Fire             5
Comestibles
 c - 2 rations
 p - 2 chunks of flesh


   Skills:
 + Level 3.4 Dodging
 + Level 3.4 Stealth
 + Level 4.0 Spellcasting
 + Level 2.2 Conjurations
 + Level 4.2 Fire Magic


You had 5 spell levels left.
You knew the following spells:

 Your Spells              Type           Power        Failure   Level  Hunger
a - Flame Tongue          Conj/Fire      ###..        3%          1    None
b - Throw Flame           Conj/Fire      ###...       4%          2    #......
c - Conjure Flame         Conj/Fire      ###.....     10%         3    ###....


Dungeon Overview and Level Annotations

Branches:
Dungeon (3/15)

Altars:
Sif Muna

Annotations:
D:3 Ijyb


Message History

Casting: Flame Tongue
Confirm with . or Enter, or press ? or * to list all spells.
Aiming: Flame Tongue
Press: ? - help, Shift-Dir - straight line, f/p - Ijyb
Aim: Ijyb, wielding a club, wearing a ring mail and carrying a wand of acid (4) (moderately wounded)
The flame tongue hits Ijyb.
Ijyb is heavily wounded.
Casting: Flame Tongue
Confirm with . or Enter, or press ? or * to list all spells.
Aiming: Flame Tongue
Press: ? - help, Shift-Dir - straight line, f/p - Ijyb
Aim: Ijyb, wielding a club, wearing a ring mail and carrying a wand of acid (4) (heavily wounded)
The flame tongue hits Ijyb.
Ijyb is severely wounded.
Ijyb zaps a wand.
The bolt of acid hits you!
Ouch! That really hurt!
* * * LOW HITPOINT WARNING * * *
You are splashed with acid!
The acid burns!
Ouch! That really hurt!
You die...

#####.#
#.§g..#
#+#####@#
#.....#)####
#.#.##.......#
#...<'.......#
#...##.......#
#.#...)......#
..
#.##.......#
#. #.
#..(....# # #.
#.......#


You could see Ijyb.

Vanquished Creatures
  Jessica (D:2)
  3 gnolls (D:2)
  2 adders (D:2)
  An ooze (D:1)
  2 dart slugs
  3 leopard geckos
  An orc (D:3)
  3 giant cockroaches
  7 goblins
  5 hobgoblins
  5 bats
  A frilled lizard (D:2)
  5 kobolds (D:2)
  A rat (D:1)
40 creatures vanquished.

Notes
Turn   | Place    | Note
-------+----------+-------------------------------------------
     0 | D:1      | kibaces the Deep Elf Fire Elementalist began the quest for the Orb.
     0 | D:1      | Reached XP level 1. HP: 10/10 MP: 6/6
   168 | D:1      | Reached XP level 2. HP: 15/15 MP: 4/8
   897 | D:2      | Noticed Jessica
   909 | D:2      | Killed Jessica
   909 | D:2      | Reached XP level 3. HP: 19/19 MP: 2/10
  1012 | D:2      | Learned a level 2 spell: Throw Flame
  1016 | D:2      | Learned a level 3 spell: Conjure Flame
  1147 | D:2      | Found a deep blue altar of Sif Muna.
  1352 | D:2      | Reached XP level 4. HP: 16/24 MP: 0/11
  2201 | D:3      | Noticed Ijyb
  2208 | D:3      | Splashed by Ijyb's acid

Vault maps used:
D:1:      lemuel_arrival_broad_hall
D:2:      minmay_wonky_spiral, led_sif_pool, uniq_jessica
D:3:      nicolae_ru_awakened_eye, nicolae_dithmenos_through_a_glass_darkly,
          first_ration, uniq_ijyb, uniq_robin

Skill      XL: |  1  2  3  4 |
---------------+-------------+-----
Stealth        | 3 |  3.4
Dodging        | 3 |  3.4
Fire Magic     | 4 |  4.2
Conjurations   | 2 |  2.2
Spellcasting   | 4 |  4.0

Action                   |  1- 3 |  4- 6 || total
-------------------------+-------+-------++-------
 Cast: Flame Tongue      |    49 |    35 ||    84
       Conjure Flame     |     1 |     2 ||     3
       Throw Flame       |       |     1 ||     1
  Eat: Chunk             |     1 |     3 ||     4
Armor: Robe              |     7 |     1 ||     8
Dodge: Dodged            |    20 |     3 ||    23

Table legend:
 A = Spawn XP
 B = Non-spawn XP
 C = Spawn XP percentage of total XP
 D = Spawn monster count
 E = Non-spawn monster count
 F = Spawn count percentage of total count
 G = Total turns spent on level
                    A         B        C        D         E        F      G
               +---------+---------+-------+---------+---------+-------+---------
         Total |       0 |     179 |   0.0 |       0 |      40 |   0.0 |  2208
               +---------+---------+-------+---------+---------+-------+---------
           D:1 |       0 |      28 |   0.0 |       0 |      11 |   0.0 |   963
           D:2 |       0 |     148 |   0.0 |       0 |      28 |   0.0 |  1221
           D:3 |       0 |       3 |   0.0 |       0 |       1 |   0.0 |    24
               +---------+---------+-------+---------+---------+-------+---------
